 Dungeon Crawl Stone Soup version 0.30-a0-711-gf4ac18a38d (webtiles) character file.

Game seed: 9666088089495750388

12807 arthad the Summoner (level 11, -2/50 HPs)
             Began as a Felid Summoner on Jan 22, 2023.
             Was an Initiate of Gozag.
             Killed from afar by a deep elf pyromancer (16 damage)
             ... with a bolt of fire
             ... on level 12 of the Dungeon.
             The game lasted 00:57:49 (14976 turns).

arthad the Summoner (Felid Summoner)               Turns: 14976, Time: 00:57:50

Health: -2/50      AC:  2    Str:  4    XL:     11   Next: 67%
Magic:  11/23      EV: 27    Int: 21    God:    Gozag
Gold:   1624       SH:  5    Dex: 23    Spells: 11/24 levels left
                                        Lives:  0   Deaths: 3

rFire   . . .      SeeInvis +    (weapon unavailable)
rCold   . . .      Faith    .    (shield unavailable)
rNeg    . . .      Spirit   .    (body armour unavailable)
rPois   +          Reflect  +    (helmet unavailable)
rElec   .          Harm     .    (cloak unavailable)
rCorr   .          Rampage  .    (gloves unavailable)
Will    +....                    (boots unavailable)
Stlth   +++                      E - amulet of reflection
HPRegen 0.28/turn                v - +6 ring of dexterity
MPRegen 0.18/turn                f - ring of poison resistance

@: gold aura, quick
A: very small, claws 1, fangs 3, see invisible, speed 1, shaggy fur 2, stealthy
paws, no weapons or thrown items, no armour, multi-lived
a: Renounce Religion, Potion Petition, Call Merchant, Bribe Branch


You were on level 12 of the Dungeon.
You worshipped Gozag.
Gozag was most pleased with you.
You visited 2 branches of the dungeon, and saw 13 of its levels.
You also visited: Sewer.

You collected 1911 gold pieces.
You spent 135 gold pieces at shops.
You paid 152 gold pieces to Gozag.

Inventory:

Armour
 q - the +1 chain mail of the Farrier {rN+ Dex+2}
   (You found it on level 3 of the Dungeon)

   Dex:       It affects your dexterity (+2).
   rN:        It protects you from negative energy.
Jewellery
 b - a ring of fire
 d - an amulet of faith
 f - a ring of poison resistance (right paw)
 v - a +6 ring of dexterity (left paw)
 E - an amulet of reflection (around neck)
 F - a ring of resist corrosion
Wands
 k - a wand of paralysis (4)
 t - a wand of flame (14)
 u - a wand of mindburst (11)
 y - a wand of digging (8)
 B - a wand of polymorph (7)
 C - a wand of roots (8)
Scrolls
 e - a scroll of identify
 g - a scroll of poison
 l - 4 scrolls of teleportation
 o - 3 scrolls of enchant armour
 r - 3 scrolls of noise
 w - 2 scrolls of vulnerability
 x - 5 scrolls of magic mapping
 D - a scroll of fog
 H - a scroll of blinking
 J - 2 scrolls of torment
Potions
 a - a potion of magic
 c - 5 potions of degeneration
 h - a potion of attraction
 i - 2 potions of invisibility
 j - 3 potions of haste
 m - 6 potions of might
 n - a potion of flight
 p - 2 potions of ambrosia
 s - 2 potions of cancellation
 z - a potion of lignification
 A - 6 potions of curing
 G - a potion of mutation
 I - 2 potions of brilliance {unknown}


   Skills:
 + Level 7.5 Fighting
 + Level 10.3 Dodging
 - Level 2.6 Stealth
 + Level 7.3 Spellcasting
 - Level 5.0 Hexes
 + Level 10.3 Summonings
 + Level 2.8 Transmutations
 * Level 8.3 Air Magic
 - Level 6.0 Evocations


You had 11 spell levels left.
You knew the following spells:

 Your Spells              Type           Power      Damage    Failure   Level
a - Summon Small Mammal   Summ           100%       N/A       1%          1
b - Call Imp              Summ           50%        N/A       1%          2
c - Call Canine Familiar  Summ           50%        N/A       1%          3
d - Summon Guardian Gole  Hex/Summ       39%        N/A       1%          3
e - Summon Lightning Spi  Summ/Air       46%        N/A       1%          4

Your spell library contained the following spells:

 Spells                   Type           Power      Damage    Failure   Level
 Slow                     Hex            100%       N/A       1%          1
 Confusing Touch          Hex            28%        N/A       3%          3
 Apportation              Tloc           14%        N/A       9%          1
 Necrotise                Necr           28%        1d5       9%          1
 Inner Flame              Hex/Fire       18%        N/A       9%          3
 Cause Fear               Hex            14%        N/A       11%         4
 Lesser Beckoning         Tloc           14%        N/A       13%         2
 Gell's Gravitas          Tloc           7%         N/A       26%         3
 Teleport Other           Tloc           7%         N/A       26%         3
 Vampiric Draining        Necr           7%         2d6       26%         3
 Blade Hands              Tmut           9%         N/A       58%         5
 Alistair's Intoxication  Tmut/Pois      8%         N/A       80%         5
 Borgnjor's Vile Clutch   Necr/Erth      3%         N/A       93%         5
 Eringya's Noxious Bog    Tmut/Pois      6%         N/A       100%        6
 Iron Shot                Conj/Erth      3%         9d2       100%        6
 Dragon Form              Tmut           9%         N/A       100%        7
 Discord                  Hex            14%        N/A       100%        8
 Dragon's Call            Summ           25%        N/A       100%        9
 Animate Armour           Summ/Erth      Unusable   N/A       N/A         4

Dungeon Overview and Level Annotations

Branches:
Dungeon (12/15)            Temple (1/1) D:7            Lair (0/5) D:8
    Orc (0/2) D:9           Sewer (visited)

Altars:
Ashenzari
Cheibriados
Dithmenos
Elyvilon
Fedhas
Gozag
Hepliaklqana
Kikubaaqudgha
Makhleb
Nemelex Xobeh
Okawaru
Qazlal
Ru
Sif Muna
Trog
Uskayaw
Vehumet
Wu Jian
Xom
Yredelemnul
Zin
The Shining One

Shops:
D:1 =   D:3 :   D:4 ?![[   D:6 ?   D:7 [   D:10 [

Annotations:
D:4 2 runed translucent doors, rddays123's ghost, amateur MiFi


Innate Abilities, Weirdness & Mutations

You have sharp claws.
You have razor-sharp teeth.
You have supernaturally acute eyesight. (SInv)
You cover ground quickly. (Speed+)
You are covered in thick fur. (AC +2)
Your paws help you pounce on unaware monsters.
You are incapable of wielding weapons or throwing items.
You cannot wear armour.
You gain extra lives every three experience levels.


Message History

Your crimson imp hits the vampire mosquito.
Your wolf bites the vampire mosquito!
The deep elf pyromancer barely misses your crimson imp.
You block the vampire mosquito's attack.
You scratch the vampire mosquito but do no damage.
The vampire mosquito is heavily damaged.
The vampire mosquito closely misses you.
Your wolf bites the vampire mosquito!
Your crimson imp closely misses the vampire mosquito.
The deep elf pyromancer hits your crimson imp with a +0 short sword.
You block the vampire mosquito's attack.
Your wolf barely misses the vampire mosquito.
You miss the vampire mosquito. Your bite misses the vampire mosquito.
The vampire mosquito is almost destroyed.
The vampire mosquito completely misses you.
Your wolf misses the vampire mosquito.
Your crimson imp blinks!
The deep elf pyromancer casts a spell.
The deep elf pyromancer blinks!
The vampire mosquito barely misses you.
Your wolf bites the vampire mosquito but does no damage.
You pounce on the helpless vampire mosquito from behind!
You claw the vampire mosquito!
You destroy the vampire mosquito!
The deep elf pyromancer barely misses your wolf.
Your lightning spire disappears in a puff of smoke!
Your wolf bites the deep elf pyromancer.
The deep elf pyromancer gestures at you while chanting.
The bolt of fire hits your wolf!! The bolt of fire hits you!!
Ouch! That really hurt!
* * * LOW HITPOINT WARNING * * *
Your wolf barely misses the deep elf pyromancer.
You see here 14 gold pieces.
Your wolf bites the deep elf pyromancer.
Your guardian golem overheats!
The deep elf pyromancer casts a spell at you.
The bolt of fire hits your guardian golem!
Your guardian golem resists.
Flame seeps out of your guardian golem. The bolt of fire hits you!
You die...
Your body crumbles into a pile of gold.

##
#..###+########
.........##<..#
.........ยง....##
........$@.....#
..<.....h9.....#
...)....e.5....#
#...##.[.##...#..
#+# #...#########
$ ...... ......
.......#


You could see a deep elf pyromancer (ally target), a friendly guardian golem
(summoned, inner flame), a friendly wolf (summoned, sheltered) and a friendly
crimson imp (summoned, sheltered).

Vanquished Creatures
  Pikel (D:6)
  A yak (D:8)
  A steam dragon (D:8)
  A vampire mosquito (D:12)
  An orc warrior (D:7)
  A lemure (D:6)
  A kobold brigand (Sewer)
  A gnoll sergeant (D:8)
  2 wights (D:6)
  A howler monkey (D:9)
  An orc wizard (D:8)
  An adder (Sewer)
  A dart slug (D:2)
  4 orcs
  A goblin (D:1)
  A quokka (D:1)
  3 ball pythons
  A frilled lizard (Sewer)
  A kobold (Sewer)
25 creatures vanquished.

Vanquished Creatures (collateral kills)
  A centaur warrior (D:9)
  A boulder beetle (D:11)
  A tengu warrior (D:9)
  3 two-headed ogres
  2 centaur zombies (D:10)
  A kobold demonologist (D:10)
  2 hornets
  A troll (D:12)
  A wraith (D:10)
  A wyvern (D:9)
  10 yaks
  A steam dragon (D:9)
  2 vampire mosquitoes (D:12)
  2 water moccasins
  An ice beast (D:5)
  2 centaurs
  A lemure (D:6)
  4 kobold brigands
  A necrophage (D:5)
  2 gnoll sergeants
  2 scorpions
  10 wights
  5 killer bees (D:9)
  A howler monkey (D:10)
  A jelly (D:8)
  A hound (D:6)
  3 orc priests
  3 iguanas
  4 orc wizards
  12 gnolls
  2 river rats (Sewer)
  10 adders
  A white imp (D:6)
  2 worms
  30 orcs
  6 ball pythons
  5 bats
  6 endoplasms
  6 giant cockroaches
  8 hobgoblins
  10 jackals
  4 quokkas
  2 frilled lizards
  6 goblins
  29 kobolds
  8 rats
217 creatures vanquished.

Vanquished Creatures (others)
  3 two-headed ogres
  A deep elf pyromancer (D:11)
  A kobold demonologist (D:11)
  A hornet (D:8)
  A troll (D:10)
  8 yaks
  A wraith (D:10)
  2 wyverns
  2 orc warriors
  A centaur (D:9)
  An ogre (D:5)
  2 kobold brigands (D:10)
  5 wights
  3 killer bees (D:9)
  A gnoll bouda (D:6)
  2 orc wizards
  3 gnolls
  3 orcs
  22 plants
63 creatures vanquished.

Grand Total: 305 creatures vanquished

Notes
Turn   | Place    | Note
-------+----------+-------------------------------------------
     0 | D:1      | arthad the Felid Summoner began the quest for the Orb.
     0 | D:1      | Reached XP level 1. HP: 7/7 MP: 4/4
   188 | D:1      | Reached XP level 2. HP: 6/11 MP: 0/6
   300 | D:1      | Learned a level 2 spell: Call Imp
  1031 | D:1      | Found Webiz's Jewellery Shoppe.
  1109 | D:2      | Reached skill level 5 in Summonings
  1121 | D:2      | Reached XP level 3. HP: 11/14 MP: 2/7
  1125 | D:2      | Learned a level 3 spell: Call Canine Familiar
  1333 | D:2      | Found a faded altar of an unknown god.
  2097 | D:2      | Found a basalt altar of Yredelemnul.
  2368 | D:3      | Identified the +1 chain mail of the Farrier {rN+ Dex+2}
  2381 | D:3      | Found a hide-covered altar of Uskayaw.
  2383 | D:3      | Found a snail-covered altar of Cheibriados.
  2452 | D:3      | Reached XP level 4. HP: 18/18 MP: 8/8
  2484 | D:3      | Found Toir's Book Shop.
  2551 | D:3      | Found a stormy altar of Qazlal.
  2979 | D:4      | Found a large runed translucent door.
  2979 | D:4      | Found a large runed translucent door.
  3166 | D:4      | Reached XP level 5. HP: 21/21 MP: 2/9
  3273 | D:4      | Found Marucvuz's Antique Armour Boutique.
  3445 | D:4      | Found Nyiret's Distillery.
  3527 | D:4      | Found Vist's Antique Armour Boutique.
  3617 | D:4      | Found Dyagur's Magic Scroll Shop.
  3620 | D:4      | Bought a scroll of teleportation for 30 gold pieces
  3816 | D:4      | Noticed rddays123's ghost (amateur MiFi)
  3944 | D:5      | Entered Level 5 of the Dungeon
  4083 | D:5      | Reached skill level 1 in Fighting
  4083 | D:5      | Gained mutation: You are covered in thick fur. (AC +2)
                  | [Felid growth]
  4083 | D:5      | Reached XP level 6. HP: 15/25 MP: 4/10
  4262 | D:5      | Found a sacrificial altar of Ru.
  4436 | D:5      | Found a glowing drain.
  4477 | Sewer    | Entered a sewer
  4705 | Sewer    | Upgraded the game from 0.30-a0-702-gdf48620a09 to
                  | 0.30-a0-711-gf4ac18a38d
  4889 | Sewer    | Succumbed to a kobold brigand's curare-tipped dart
  4890 | Sewer    | Reached XP level 5. HP: 0/22 MP: 4/10
  4985 | Sewer    | Reached XP level 6. HP: 26/26 MP: 5/11
  5539 | D:5      | Learned a level 3 spell: Summon Guardian Golem
  5720 | D:5      | Reached skill level 1 in Hexes
  5897 | D:5      | Noticed an ice beast
  5930 | D:5      | Killed an ice beast
  5958 | D:5      | Reached XP level 7. HP: 30/30 MP: 1/13
  6675 | D:6      | Noticed Pikel
  6701 | D:6      | Reached skill level 5 in Dodging
  6719 | D:6      | Killed Pikel
  6720 | D:6      | Reached XP level 8. HP: 19/36 MP: 1/15
  6765 | D:5      | Learned a level 4 spell: Summon Lightning Spire
  6833 | D:6      | Reached skill level 1 in Air Magic
  6975 | D:6      | Found a burning altar of Makhleb.
  6996 | D:6      | Reached skill level 1 in Evocations
  7188 | D:6      | Found a radiant altar of Vehumet.
  7189 | D:6      | Found a hazy altar of Hepliaklqana.
  7447 | D:6      | Found Hiezitt's Magic Scroll Shoppe.
  7456 | D:6      | Bought a scroll of magic mapping for 105 gold pieces
  7622 | D:7      | Reached skill level 5 in Hexes
  7656 | D:7      | Found Sophoh's Armour Shoppe.
  8306 | D:7      | Found a staircase to the Ecumenical Temple.
  8319 | Temple   | Entered the Ecumenical Temple
  8362 | Temple   | Became a worshipper of Gozag Ym Sagoz the Greedy
  8393 | D:7      | Found a broken altar of Ashenzari.
  8450 | D:7      | Slain by an orc warrior
  8451 | D:7      | Reached XP level 7. HP: -3/32 MP: 4/14
  8896 | D:7      | Reached XP level 8. HP: 36/36 MP: 3/15
  9285 | D:8      | Found an ornate altar of the Wu Jian Council.
  9339 | D:8      | Found a staircase to the Lair.
  9613 | D:8      | Noticed a hornet
  9620 | D:8      | Killed a hornet
  9971 | D:8      | Reached skill level 5 in Spellcasting
  9991 | D:8      | Reached skill level 5 in Fighting
  9993 | D:8      | Reached XP level 9. HP: 40/40 MP: 7/17
 10253 | D:9      | Noticed a two-headed ogre
 10546 | D:9      | Noticed a two-headed ogre
 10554 | D:9      | Killed a two-headed ogre
 10555 | D:9      | Reached skill level 5 in Air Magic
 10555 | D:9      | Reached XP level 10. HP: 45/45 MP: 9/19
 10893 | D:9      | Noticed a centaur warrior
 10911 | D:9      | Found a staircase to the Orcish Mines.
 10913 | D:9      | Shot with an arrow by a centaur warrior
 10914 | D:9      | Reached XP level 9. HP: 0/41 MP: 1/18
 11017 | D:9      | Noticed a tengu warrior
 11040 | D:9      | Killed a tengu warrior
 11041 | D:9      | Reached skill level 5 in Evocations
 11185 | D:9      | Killed a centaur warrior
 11391 | D:9      | Found an ancient bone altar of Kikubaaqudgha.
 11729 | D:9      | Reached XP level 10. HP: 45/45 MP: 12/20
 11747 | D:9      | Killed a two-headed ogre
 12051 | D:10     | Entered Level 10 of the Dungeon
 12144 | D:10     | Noticed a soul eater
 12939 | D:10     | Found a basalt altar of Yredelemnul.
 12971 | D:10     | Found Ycia's Antique Armour Emporium.
 13385 | D:10     | Noticed a two-headed ogre
 13397 | D:10     | Killed a two-headed ogre
 13398 | D:10     | Reached XP level 11. HP: 50/50 MP: 8/22
 13718 | D:11     | Noticed a two-headed ogre
 13720 | D:11     | Noticed a two-headed ogre
 13828 | D:11     | Reached skill level 10 in Summonings
 13887 | D:11     | Noticed a two-headed ogre
 13900 | D:11     | Killed a two-headed ogre
 13901 | D:11     | Reached skill level 1 in Transmutations
 14007 | D:11     | Killed a two-headed ogre
 14043 | D:11     | Noticed a boulder beetle
 14062 | D:11     | Noticed a deep elf pyromancer
 14070 | D:11     | Killed a boulder beetle
 14071 | D:11     | Reached skill level 10 in Dodging
 14073 | D:11     | Killed a deep elf pyromancer
 14080 | D:11     | Killed a two-headed ogre
 14949 | D:12     | Noticed a deep elf pyromancer
 14976 | D:12     | Killed from afar by a deep elf pyromancer

Illustrated notes

Levels and vault maps discovered:
D:1:      dpeg_arrival_subterranean_lakeside_camping, layout_loops_ring,
          serial_shops, nicolae_shop_behind_doors
D:2:      wad_lake_hut, layout_rooms, basic_altar,
          hellmonk_ecumenical_altar_leap_of_faith, hex_large, minmay_3d_cube
D:3:      layout_rooms, mainiacjoe_overflow_catwalk_spiral,
          grunt_qazlal_sundering, serial_shops, shop
D:4:      layout_rooms, serial_shops, nicolae_shop_behind_doors, shop,
          nicolae_shop_waterfront, nicolae_take_the_stairs,
          ebering_ghost_disaster_area, amcnicky_mini_pool_small,
          hangedman_decor_lopped
D:5:      layout_layer_cave, nicolae_ru_the_path_less_chosen,
          gup_sewer_entry_glass
D:6:      layout_rooms, kennysheep_mini_moat, nicolae_overflow_squiral,
          serial_shops, nicolae_shop_trees, minmay_misc_feat_ornament,
          uniq_pikel
D:7:      layout_basic, nicolae_ashenzari_skybound,
          minmay_temple_entry_antechambers, serial_shops, shop
D:8:      layout_gridville, lemuel_crystal_altar, lair_entry_dummy
D:9:      minmay_distorted_concentric_squares, layout_basic,
          lemuel_crystal_altar, orc_0_dummy, serial_glass, glass_columns_b,
          glass_columns_c, lightli_orcish_oven
D:10:     layout_basic, lemuel_zombie_altar_yredelemnul, serial_shops,
          nicolae_shop_behind_doors, hangedman_decor_riveting,
          minmay_misc_feat_x, kennysheep_cluttered_room, minmay_crystal_room,
          st_stairs_12, nrook_uturn
D:11:     layout_basic
D:12:     layout_gridville, drop_trap
Temple:   nicolae_temple_ecumenical_triangle

Skill      XL: |  1  2  3  4  5  6  7  8  9 10 11 |
---------------+----------------------------------+-----
Summonings     | 5 6 7 8 9 10 | 10.3
Dodging        | 4 5 7 8 9 10 | 10.3
Fighting       | 1 2 3 5 6 7 |  7.5
Spellcasting   | 3 4 5 6 7 |  7.3
Hexes          | 2 4 5 |  5.0
Air Magic      | 3 6 7 8 |  8.3
Evocations     | 3 5 6 |  6.0
Transmutations | 2 |  2.8
Stealth        | |  2.6

Action                     |  1- 3 |  4- 6 |  7- 9 | 10-12 || total
---------------------------+-------+-------+-------+-------++-------
  Melee: Unarmed           |    22 |    43 |    27 |    18 ||   110
         Bite              |     6 |     9 |     7 |     4 ||    26
         Punch             |     1 |     3 |     2 |       ||     6
   Cast: Summon Small Mamm |    42 |    62 |    19 |       ||   123
         Call Imp          |    14 |    20 |    14 |     9 ||    57
         Call Canine Famil |    12 |    28 |    29 |    29 ||    98
         Summon Guardian G |       |     2 |    24 |    32 ||    58
         Summon Lightning  |       |       |    19 |    39 ||    58
  Evoke: Wand              |       |     3 |    21 |     1 ||    25
    Use: Scroll            |       |     9 |     2 |     8 ||    19
         Potion            |       |     5 |     3 |     1 ||     9
   Stab: Distracted        |     1 |       |       |     1 ||     2
 Armour: Skin              |     3 |     2 |     6 |     3 ||    14
  Dodge: Dodged            |    26 |    58 |    69 |    48 ||   201
  Block: Other             |       |       |       |    13 ||    13

Table legend: (Time is in decaauts)
 A = Elapsed time spent in this place.
 B = Non-inter-level travel time spent in this place.
 C = Inter-level travel time spent in this place.
 D = Time resting spent in this place.
 E = Time spent auto-exploring this place.
 F = Levels seen in this place.
 G = Mean time per level.
                   A        B        C        D        E       F      G
               +--------+--------+--------+--------+--------+-----+--------+
         Total |  13530 |  13188 |    342 |    885 |   9593 |  14 |  966.4 |
       Dungeon |  12409 |  12067 |    342 |    885 |   8806 |  12 | 1034.1 |
        Temple |     39 |     39 |      0 |      0 |     24 |   1 |   39.0 |
         Sewer |   1081 |   1081 |      0 |      0 |    763 |   1 | 1081.0 |
               +--------+--------+--------+--------+--------+-----+--------+

Top non-repeatable levels by time:
     D:5: 1561 daAuts
     D:9: 1552 daAuts
    D:10: 1519 daAuts
     D:7: 1283 daAuts
     D:2: 1157 daAuts
     D:8: 1111 daAuts
   Sewer: 1081 daAuts
    D:11: 1031 daAuts
     D:1: 971 daAuts
     D:4: 805 daAuts
     D:6: 712 daAuts
     D:3: 608 daAuts
    D:12: 94 daAuts
  Temple: 39 daAuts
